 Dungeon Crawl Stone Soup version 0.27-a0-1548-gf8a67e7463 (webtiles) character file.

Game seed: 6628157075958127217

74492 robertstho the Severer (level 15, -2/141 (145) HPs)
             Began as a Minotaur Berserker on July 13, 2021.
             Was a High Priest of Trog.
             Slain by a chaos spawn (5 damage)
             ... summoned by an orc high priest
             ... while paralysed by an orc sorcerer
             ... on level 2 of the Orcish Mines.
             The game lasted 00:28:38 (22603 turns).

robertstho the Severer (Minotaur Berserker)        Turns: 22603, Time: 00:28:39

HP:   -2/141 (145)  AC: 27    Str: 28    XL:     15   Next: 7%
MP:   14/14         EV:  2    Int: 11    God:    Trog [*****.]
Gold: 1677          SH:  0    Dex: 13    Spells: 14/14 levels left

rFire    . . .     SeeInvis +   G - +4 battleaxe (drain)
rCold    . . .     Faith    .   (shield currently unavailable)
rNeg     . . .     Spirit   .   q - +4 plate armour "Miuhuaq" {Drain rPois Int+6 Dex+4}
rPois    +         Reflect  +   (helmet restricted)
rElec    .         Harm     .   (no cloak)
rCorr    .         Rampage  .   y - +0 pair of gloves
Will     +....                  I - +2 pair of boots
Stlth    ..........             H - amulet of reflection
HPRegen  0.33/turn              O - +4 ring of slaying
MPRegen  0.14/turn              s - ring of see invisible

@: paralysed, marked, lightly drained
A: horns 2, retaliatory headbutt
a: Renounce Religion, Berserk, Trog's Hand, Brothers in Arms


You were on level 2 of the Orcish Mines.
You worshipped Trog.
Trog was extremely pleased with you.
You visited 3 branches of the dungeon, and saw 21 of its levels.
You also visited: Ice Cave.

You collected 1715 gold pieces.
You spent 38 gold pieces at shops.

Inventory:

Hand Weapons
 e - a +5 war axe
 G - a +4 battleaxe of draining (weapon)
 J - a +3 antimagic broad axe
 U - a +3 triple sword of flaming
Armour
 q - the +4 plate armour "Miuhuaq" (worn) {Drain rPois Int+6 Dex+4}
   (You acquired it on level 1 of the Lair of Beasts)

   Int:       It affects your intelligence (+6).
   Dex:       It affects your dexterity (+4).
   rPois:     It protects you from poison.
   Drain:     It drains your maximum health when unequipped.
 u - a +1 crystal plate armour of cold resistance
 y - a +0 pair of gloves (worn)
 C - the +18 shield of the Gong {rElec rN+ Will+ EV-5}
   (You found it on level 8 of the Dungeon)

   EV:        It affects your evasion (-5).
   rElec:     It insulates you from electricity.
   rN:        It protects you from negative energy.
   Will:      It increases your willpower.
 I - a +2 pair of boots (worn)
Jewellery
 j - a ring of ice
 s - a ring of see invisible (right hand)
 E - a ring of protection from cold
 F - a ring of fire
 H - an amulet of reflection (around neck)
 O - a +4 ring of slaying (left hand)
 P - a ring of ice
 Q - a ring of resist corrosion
 S - a ring of wizardry
Wands
 n - a wand of charming (15)
 D - a wand of mindburst (23)
 N - a wand of iceblast (8)
 R - a wand of paralysis (5)
 V - a wand of acid (6)
 W - a wand of flame (8)
Scrolls
 a - 2 scrolls of fear
 g - a scroll of enchant armour
 h - 7 scrolls of teleportation
 l - 2 scrolls of fog
 m - 2 scrolls of immolation
 o - 2 scrolls of magic mapping
 z - 2 scrolls of blinking
 K - 4 scrolls of identify
 M - a scroll of enchant weapon
 T - a scroll of summoning {unknown}
Potions
 b - 2 potions of resistance
 c - 3 potions of heal wounds
 d - 7 potions of lignification
 f - a potion of cancellation {unknown}
 i - 3 potions of mutation
 k - 4 potions of haste {unknown}
 p - 3 potions of degeneration {unknown}
 r - a potion of magic {unknown}
 t - 2 potions of brilliance {unknown}
 v - 2 potions of might {unknown}
 w - 3 potions of ambrosia {unknown}
 x - a potion of curing {unknown}
 B - 3 potions of flight {unknown}
 L - 2 potions of attraction {unknown}
Miscellaneous
 A - a phantom mirror


   Skills:
 * Level 16.6 Fighting
 + Level 18.0 Axes
 * Level 17.0 Armour
 + Level 4.7 Dodging
 + Level 7.3 Shields


You had 14 spell levels left.
You didn't know any spells.
Your spell library was empty.

Dungeon Overview and Level Annotations

Branches:
Dungeon (13/15)            Temple (0/1) D:6            Lair (6/6) D:8
 Shoals (0/4) Lair:2       Spider (0/4) Lair:3        Slime (0/5) Lair:5
    Orc (2/2) D:12          IceCv (visited)
    Elf: Orc:2       Vaults: D:13-14

Altars:
Elyvilon
Fedhas
Gozag
Makhleb
Nemelex Xobeh
Qazlal
Uskayaw
Vehumet
Xom
Zin
The Shining One

Shops:
D:1 =   D:7 *   D:8 :   D:12 :

Annotations:
D:11 2 transporters


Innate Abilities, Weirdness & Mutations

You have a pair of horns on your head.
You reflexively headbutt those who attack you in melee.


Message History

The orc sorcerer gestures at you while chanting.
You suddenly lose the ability to move!
The soul eater hits you!
You feel drained.
The orc sorcerer hits you but does no damage.
The chaos spawn gores you but does no damage.
An orc wizard comes into view. It is wielding a +0 dagger.
The orc priest begins to cast a cantrip, but forgets the words!
The orc sorcerer hits you but does no damage.
The soul eater hits you but does no damage.
The orc sorcerer hits you but does no damage.
The orc wizard hits you with a +0 dagger.
The orc high priest hits you with a +0 flail.
The chaos spawn hits you but does no damage.
The orc sorcerer casts a spell at you. The bolt of fire hits you!!
* * * LOW HITPOINT WARNING * * *
The bolt of fire hits the orc wizard!!
The orc wizard dies!
An orc high priest comes into view. It is wielding a +0 long sword.
The red devil hits you from afar with a +0 demon trident of electrocution.
* * * LOW HITPOINT WARNING * * *
The soul eater hits you but does no damage.
The orc sorcerer hits you with a +0 dagger.
* * * LOW HITPOINT WARNING * * *
The orc sorcerer gestures wildly while chanting.
The orc high priest hits you but does no damage.
The orange demon stings you but does no damage.
The orc sorcerer hits you but does no damage.
The soul eater hits you but does no damage.
The red devil hits you from afar with a +0 demon trident of electrocution!
* * * LOW HITPOINT WARNING * * *
An orc knight comes into view.
It is wielding a +0 great mace of protection.
The orc knight roars a battlecry!
The orc sorcerer hits you but does no damage.
An orc wizard comes into view. It is wielding a +0 dagger.
The orc high priest hits you with a +0 flail.
* * * LOW HITPOINT WARNING * * *
The orange demon stings you but does no damage.
The chaos spawn gores you.
You die...

#.#.#..###.#.#........
#....#........###.......
#....#.......####.......
#........).....#.......)
#......#.)......#..#....
#..o.....)..........#...
oo$4.4.3.)..............
#..o.o3o4..............#
#....3o@4)..............
#.#.o4o.................
#.....................
#.............##.......#
#................. ....
#................
#..............#.
#o.........$..##
$...<....#...


You could see 2 orc knights, a soul eater (summoned), 2 orc high priests, a sun
demon (summoned), an orange demon (summoned), a smoke demon (summoned), 2 chaos
spawn, 3 orc sorcerers, 2 red devils, an orc priest (strong) and 2 orc wizards.

Vanquished Creatures
  Rupert (D:12)
  Snorg (D:12)
  7 hydras
  5 catoblepae
  10 death yaks (Lair:6)
  5 two-headed ogres
  Urug (Lair:5)
  2 bog bodies (IceCv)
  An orc knight (Orc:2)
  Pikel (D:7)
  2 oklob plants (Lair:5)
  An orc sorcerer (Orc:2)
  A wolf spider (Lair:3)
  A merfolk siren (Lair:2)
  An ice statue (IceCv)
  3 manticores
  17 elephants
  8 black mambas
  A torpor snail (Lair:3)
  2 vault sentinels (D:8)
  3 gargoyles
  10 cane toads
  Psyche (D:10)
  9 komodo dragons
  5 rime drakes
  An entropy weaver simulacrum (IceCv)
  3 ice devils
  2 anaconda simulacra (IceCv)
  A hornet (Lair:4)
  3 trolls
  3 polar bears
  A merfolk (Lair:2)
  Prince Ribbit (D:5)
  A meliai zombie (D:10)
  Grinder (D:6)
  10 blink frogs
  6 slime creatures
  6 dream sheep
  3 redbacks (Lair:3)
  A spriggan (Lair:2)
  2 shadows
  2 vampires (D:10)
  54 yaks
  6 wyverns
  A wraith (D:11)
  Eustachio (D:5)
  3 basilisks
  2 steam dragons (D:8)
  11 vampire mosquitoes (D:12)
  3 wargs (Orc:1)
  3 harpy simulacra (IceCv)
  Menkaure (D:5)
  3 acid dragons
  15 water moccasins
  11 orc warriors
  4 black bears
  A sky beast (D:6)
  23 wolves
  3 ogres
  A centaur (D:8)
  A phantom (D:5)
  12 bullfrogs
  4 two-headed ogre simulacra (IceCv)
  6 scorpions
  A wyvern zombie (D:8)
  A cane toad simulacrum (IceCv)
  A water moccasin zombie (D:7)
  A wyvern skeleton (D:6)
  A water moccasin skeleton (D:4)
  An elephant simulacrum (IceCv)
  A killer bee (D:11)
  5 wights (D:8)
  2 howler monkeys
  An electric eel (Lair:2)
  5 centaur zombies
  3 hounds
  5 orc priests
  A bullfrog skeleton (D:7)
  2 jellies
  An iguana (D:6)
  15 orc wizards
  2 polar bear simulacra (IceCv)
  3 spriggan simulacra (IceCv)
  5 troll simulacra (IceCv)
  2 wolf simulacra (IceCv)
  A hound skeleton (D:4)
  A howler monkey zombie (D:9)
  8 adders
  10 gnolls
  9 naga simulacra (IceCv)
  2 shadow imps
  6 white imps
  7 ufetubi (IceCv)
  A worm (D:5)
  5 dart slugs
  72 orcs
  6 endoplasms
  6 giant cockroaches
  8 hobgoblins
  5 jackals
  3 quokkas
  6 ball pythons
  9 bats
  3 frilled lizards (D:2)
  3 goblins
  8 kobolds
  2 rats
555 creatures vanquished.

Vanquished Creatures (collateral kills)
  Nessos (D:12)
  2 centaur zombies (D:7)
  A cane toad (Lair:6)
  2 centaur skeletons (D:7)
  A troll (D:9)
  A blink frog (Lair:6)
  A bullfrog (D:7)
  2 shadow imps (D:7)
11 creatures vanquished.

Vanquished Creatures (others)
  A komodo dragon (Lair:5)
  An orc wizard (Orc:2)
  An ufetubus (IceCv)
  39 fungi
  52 plants
  9 withered plants (D:7)
103 creatures vanquished.

Grand Total: 669 creatures vanquished

Notes
Turn   | Place    | Note
-------+----------+-------------------------------------------
     0 | D:1      | robertstho the Minotaur Berserker began the quest for the
                  | Orb.
     0 | D:1      | Reached XP level 1. HP: 19/19 MP: 0/0
   198 | D:1      | Reached XP level 2. HP: 10/27 MP: 1/1
   775 | D:1      | Found Hag Utta's Jewellery Shop.
   824 | D:1      | Reached skill level 4 in Axes
   921 | D:1      | Reached XP level 3. HP: 34/34 MP: 2/2
  1077 | D:2      | Reached ** piety under Trog
  1378 | D:2      | Reached XP level 4. HP: 41/41 MP: 3/3
  1383 | D:2      | Reached skill level 5 in Fighting
  1767 | D:3      | Reached XP level 5. HP: 22/48 MP: 4/4
  2123 | D:3      | Reached skill level 5 in Axes
  2338 | D:3      | Found an opulent altar of Gozag.
  2390 | D:3      | Reached *** piety under Trog
  2907 | D:4      | Reached XP level 6. HP: 48/56 MP: 5/5
  3212 | D:4      | Reached skill level 5 in Armour
  3365 | D:4      | Found a burning altar of Makhleb.
  3692 | D:5      | Entered Level 5 of the Dungeon
  3701 | D:5      | Reached XP level 7. HP: 57/63 MP: 6/6
  3841 | D:5      | Noticed Menkaure
  4037 | D:5      | Found a hide-covered altar of Uskayaw.
  4099 | D:5      | Noticed Eustachio
  4101 | D:5      | Noticed Prince Ribbit
  4109 | D:5      | Reached skill level 6 in Axes
  4109 | D:5      | Killed Eustachio
  4109 | D:5      | Reached **** piety under Trog
  4352 | D:5      | You fall into a shaft and drop 1 floor!
  4551 | D:6      | Found a staircase to the Ecumenical Temple.
  4561 | D:6      | Reached skill level 7 in Axes
  4561 | D:6      | Reached XP level 8. HP: 71/71 MP: 7/7
  4708 | D:6      | Found a sparkling altar of Nemelex Xobeh.
  4718 | D:6      | Noticed Grinder
  4732 | D:6      | Killed Grinder
  4865 | D:5      | Killed Menkaure
  4866 | D:5      | Reached skill level 8 in Axes
  5018 | D:5      | Killed Prince Ribbit
  5216 | D:5      | Found a stormy altar of Qazlal.
  5518 | D:6      | Reached XP level 9. HP: 82/82 MP: 8/8
  5579 | D:6      | Reached skill level 9 in Axes
  5681 | D:7      | Noticed Pikel
  5684 | D:7      | Killed Pikel
  5704 | D:7      | Reached skill level 10 in Armour
  5712 | D:7      | Noticed a hellwing
  5714 | D:7      | Noticed a hellwing
  5915 | D:7      | Noticed a seven-headed hydra
  6391 | D:7      | Found Joicil's General Store.
  6403 | D:7      | Reached XP level 10. HP: 91/91 MP: 9/9
  6411 | D:7      | Bought a scroll of amnesia for 38 gold pieces
  6450 | D:8      | Reached skill level 10 in Axes
  6503 | D:8      | Found Peeg's Book Shoppe.
  6521 | D:8      | Found a radiant altar of Vehumet.
  6543 | D:8      | Found a glowing golden altar of the Shining One.
  6550 | D:8      | Found a white marble altar of Elyvilon.
  6551 | D:8      | Found a glowing silver altar of Zin.
  7334 | D:8      | Noticed a vault sentinel
  7334 | D:8      | Noticed a vault sentinel
  7357 | D:8      | Killed a vault sentinel
  7366 | D:8      | Killed a vault sentinel
  7367 | D:8      | Reached skill level 10 in Fighting
  7397 | D:8      | Reached ***** piety under Trog
  7431 | D:8      | HP: 6/141 [steam dragon/ball of steam (33)]
  7740 | D:8      | Found the +18 shield of the Gong {rElec rN+ Will+ EV-5}
  7969 | D:8      | Found a staircase to the Lair.
  8085 | D:9      | Reached skill level 11 in Axes
  9334 | D:10     | Entered Level 10 of the Dungeon
  9379 | D:10     | Noticed a two-headed ogre
  9384 | D:10     | Noticed Psyche
  9387 | D:10     | Killed a two-headed ogre
  9388 | D:10     | Reached XP level 11. HP: 102/102 MP: 10/10
  9391 | D:10     | Killed Psyche
  9561 | D:10     | Found a blossoming altar of Fedhas.
  9609 | D:10     | Reached skill level 1 in Shields
  9609 | D:10     | Noticed a two-headed ogre
  9616 | D:10     | Killed a two-headed ogre
 10228 | Lair:1   | Entered Level 1 of the Lair of Beasts
 10288 | Lair:1   | Reached skill level 12 in Axes
 10907 | Lair:1   | Reached skill level 5 in Shields
 11342 | Lair:2   | Reached XP level 12. HP: 51/112 MP: 11/11
 11345 | Lair:2   | Reached skill level 13 in Axes
 11348 | Lair:2   | Received a gift from Trog
 11363 | Lair:1   | Identified a scroll of acquirement
 11368 | Lair:1   | Acquired the +4 plate armour "Miuhuaq" {Drain rPois Int+6
                  | Dex+4}
 12358 | Lair:2   | Noticed an eight-headed hydra
 12362 | Lair:2   | Killed a ten-headed hydra
 12597 | Lair:2   | Found a staircase to the Shoals.
 13322 | Lair:3   | Reached skill level 14 in Axes
 13344 | Lair:3   | Found a frozen archway.
 13367 | IceCv    | Entered an ice cave
 14785 | Lair:3   | Noticed a catoblepas
 14790 | Lair:3   | Killed a catoblepas
 14791 | Lair:3   | Reached XP level 13. HP: 89/123 MP: 12/12
 15011 | Lair:3   | Received a gift from Trog
 15012 | Lair:3   | Reached skill level 15 in Armour
 15428 | Lair:3   | Found a hole to the Spider Nest.
 15439 | Lair:3   | Reached skill level 15 in Axes
 16831 | Lair:5   | Reached ****** piety under Trog
 16839 | Lair:5   | Noticed Urug
 16846 | Lair:5   | Killed Urug
 17224 | Lair:5   | Found a staircase to the Slime Pits.
 17870 | Lair:6   | Entered Level 6 of the Lair of Beasts
 17875 | Lair:6   | Reached skill level 16 in Axes
 18198 | Lair:6   | Reached skill level 15 in Fighting
 18198 | Lair:6   | Reached XP level 14. HP: 40/135 MP: 13/13
 18564 | Lair:6   | Received a gift from Trog
 19532 | Lair:6   | Reached skill level 17 in Axes
 20300 | D:11     | Found a shimmering altar of Xom.
 20465 | D:11     | Found a transporter.
 20465 | D:11     | Found a transporter.
 21048 | D:12     | Noticed Snorg
 21049 | D:12     | Noticed Nessos
 21061 | D:12     | Killed Nessos
 21061 | D:12     | Received a gift from Trog
 21066 | D:12     | Killed Snorg
 21388 | D:12     | Noticed Rupert
 21394 | D:12     | Paralysed by Rupert for 3 turns
 21399 | D:12     | Killed Rupert
 21729 | D:12     | Found Loezolop's Book Shoppe.
 21921 | D:12     | Found a staircase to the Orcish Mines.
 22099 | Orc:1    | Entered Level 1 of the Orcish Mines
 22156 | Orc:1    | Reached XP level 15. HP: 123/145 MP: 14/14
 22498 | Orc:2    | Entered Level 2 of the Orcish Mines
 22582 | Orc:2    | Reached skill level 18 in Axes
 22599 | Orc:2    | Paralysed by an orc sorcerer for 5 turns
 22603 | Orc:2    | HP: 4/141 [red devil[an orc sorcerer] (16)]
 22603 | Orc:2    | Slain by a chaos spawn

Illustrated notes

Levels and vault maps discovered:
D:1:      amcnicky_arrival_feature_with_door, layout_rooms, serial_shops, shop,
          serial_forest, infiniplex_forest_end_double,
          infiniplex_forest_clump_double, infiniplex_forest_lined_room_3,
          infiniplex_forest_straight_4, infiniplex_forest_zigzag_1,
          infiniplex_forest_straight_3, infiniplex_forest_clump_double
D:2:      layout_basic, nrook_campfire
D:3:      layout_basic, nicolae_gozag_cash_rules_everything_around_me
D:4:      layout_cave_pools, makhleb_heckhound_becter
D:5:      layout_basic, mainiacjoe_overflow_big_doors, uniq_menkaure,
          uniq_prince_ribbit1, uniq_eustachio
D:6:      layout_rooms, nemelex_xobeh_ov_fountains_minmay,
          minmay_temple_entry_crystal_x, uniq_grinder
D:7:      cheibrodos_grave_circle, layout_rooms, nicolae_overflow_hidden_temple,
          serial_shops, shop_fountains, uniq_pikel
D:8:      layout_basic, good_gods_temple_1, nicolae_overflow_crystal_walls,
          due_lair_maze_entry_diamond, serial_shops,
          nicolae_shop_temple_entry_statues_fountains,
          hellmonk_guarded_unrand_gong
D:9:      layout_gridville
D:10:     layout_long_grid, lemuel_doored_altar, lemuel_old_faithful,
          uniq_psyche
D:11:     gammafunk_boulding_lane, layout_gridville, st_stairs_3,
          xom_teletrap_fun
D:12:     layout_loops_ring, david_orc_4, serial_shops, kennysheep_mini_moat,
          uniq_nessos, uniq_snorg, uniq_rupert
D:13:     layout_layer_cave, grunt_vaults_entry_tiered, serial_co_window_serial,
          co_window_paths_a, co_window_of_opportunity_a, co_window_paths_a,
          co_window_corner_a, co_window_corner_a, co_window_corner_a,
          co_window_paths_b, co_window_broadway_a, co_window_corner_ca,
          co_window_broadway_b, glass_columns_b, glass_columns_a
Lair:1:   layout_layer_cave
Lair:2:   wad_woods_structure_01, layout_hall_layers, elwin_shoals_entry_rooms,
          grunt_forest_large_clearing_hut
Lair:3:   layout_hall_layers, spider_nest_entry_funnel_web,
          portal_ice_cave_demonic_guard, minivault_27, grunt_megastairs_3
Lair:4:   layout_roguey
Lair:5:   layout_loops_ring, minmay_slime_entry_oklob_enclosed,
          lemuel_fruit_tree, uniq_urug
Lair:6:   evilmike_catoblepas_cave, layout_gridlike,
          chequers_serial_rivers_micro_c, serial_bayou_pond_b,
          grunt_megastairs_1
Orc:1:    layout_diamond_mine, serial_shops, shop_fountains, mines_bat_river,
          uniq_sonja
Orc:2:    st_orc_elflike, layout_caves

Skill      XL: |  1  2  3  4  5  6  7  8  9 10 11 12 13 14 15 |
---------------+----------------------------------------------+-----
Fighting       | 4 5 6 8 9 11 12 13 15 16 | 16.6
Axes           | 4 5 7 8 9 11 12 14 16 17 18 | 18.0
Armour         | 3 4 5 7 9 10 12 13 14 16 17 | 17.0
Dodging        | 3 4 |  4.7
Shields        | 5 6 7 |  7.3

Action                   |  1- 3 |  4- 6 |  7- 9 | 10-12 | 13-15 || total
-------------------------+-------+-------+-------+-------+-------++-------
Melee: Hand axe          |    78 |   143 |   143 |     9 |       ||   373
       Headbutt          |    10 |    21 |    27 |   103 |   130 ||   291
       War axe           |       |       |       |   289 |       ||   289
       Battleaxe         |       |       |       |   197 |   503 ||   700
Invok: Berserk           |     1 |     3 |    12 |     8 |    10 ||    34
       Trog's Hand       |       |       |     2 |     1 |     2 ||     5
       Brothers in Arms  |       |       |     1 |     1 |     2 ||     4
  Use: Scroll            |       |     4 |     5 |     9 |     3 ||    21
       Potion            |       |       |       |       |     3 ||     3
Armor: Ring mail         |    19 |     3 |       |       |       ||    22
       Animal skin       |     4 |       |       |       |       ||     4
       Scale mail        |       |    58 |    74 |     5 |       ||   137
       Plate armour      |       |       |       |   290 |   450 ||   740
Dodge: Dodged            |    53 |    84 |    90 |   162 |   253 ||   642
Block: Kite shield       |       |       |       |   263 |       ||   263
       Other             |       |       |       |    10 |   114 ||   124
       Reflection        |       |       |       |       |     5 ||     5

Table legend: (Time is in decaauts)
 A = Elapsed time spent in this place.
 B = Non-inter-level travel time spent in this place.
 C = Inter-level travel time spent in this place.
 D = Time resting spent in this place.
 E = Time spent auto-exploring this place.
 F = Levels seen in this place.
 G = Mean time per level.
                   A        B        C        D        E       F      G
               +--------+--------+--------+--------+--------+-----+--------+
         Total |  22913 |  21944 |    969 |   3467 |  15433 |  22 | 1041.5 |
       Dungeon |  12394 |  11765 |    629 |   2216 |   7988 |  13 |  953.4 |
          Lair |   8768 |   8442 |    326 |   1078 |   6248 |   6 | 1461.3 |
  Orcish Mines |    497 |    484 |     13 |      0 |    378 |   2 |  248.5 |
      Ice Cave |   1253 |   1253 |      0 |    173 |    818 |   1 | 1253.0 |
               +--------+--------+--------+--------+--------+-----+--------+

Top non-repeatable levels by time:
  Lair:6: 1919 daAuts
     D:8: 1742 daAuts
  Lair:5: 1680 daAuts
  Lair:2: 1665 daAuts
  Lair:1: 1456 daAuts
     D:3: 1347 daAuts
     D:6: 1294 daAuts
     D:9: 1260 daAuts
   IceCv: 1253 daAuts
  Lair:3: 1232 daAuts
     D:5: 1178 daAuts
    D:12: 1164 daAuts
     D:1: 1068 daAuts
    D:10: 888 daAuts
  Lair:4: 815 daAuts
